 Dungeon Crawl Stone Soup version 0.24-b1 (webtiles) character file.

Game seed: 8207540572507036701, levelgen mode: deterministic

1597 Arixos the Charmwright (level 8, 0/42 HPs)
             Began as a Vine Stalker Skald on Oct 13, 2019.
             Was an Initiate of Ru.
             Slain by a killer bee (5 damage)
             ... on level 6 of the Dungeon.
             The game lasted 00:20:42 (6025 turns).

Arixos the Charmwright (Vine Stalker Skald)         Turns: 6025, Time: 00:20:43

Health: 0/42       AC:  4    Str: 15    XL:     8   Next: 93%
Magic:  0/15       EV: 13    Int: 13    God:    Ru [......]
Gold:   438        SH:  0    Dex: 15    Spells: 7/15 levels left

rFire    + . .     SeeInvis .   u - +0 long sword
rCold    + . .     Gourm    +   (no shield)
rNeg     . . .     Faith    .   b - +0 leather armour
rPois    .         Spirit   +   (no helmet)
rElec    .         Reflect  .   B - +0 cloak
rCorr    .         Harm     .   (no gloves)
MR       +....                  (no boots)
Stlth    +++.......             w - amulet of the gourmand
HPRegen  0.54/turn              t - ring of protection from fire
MPRegen  0.14/turn              y - ring of protection from cold

@: lethally poisoned (0 -> 0), very slightly contaminated
A: fangs 3, regeneration 1, magic shield, antimagic bite, no potion heal 3, rot
immunity
a: Renounce Religion


You were on level 6 of the Dungeon.
You worshipped Ru.
Ru was noncommittal.
You were very full.

You visited 2 branches of the dungeon, and saw 8 of its levels.

You collected 438 gold pieces.

Inventory:

Hand Weapons
 u - a +0 long sword (weapon)
Missiles
 o - 34 poisoned darts (quivered)
Armour
 b - a +0 leather armour (worn)
 B - a +0 cloak (worn)
Jewellery
 j - a +3 ring of strength
 t - a ring of protection from fire (left hand)
 w - an amulet of the gourmand (around neck)
 y - a ring of protection from cold (right hand)
Wands
 x - a wand of digging (7)
Scrolls
 a - a scroll of teleportation {unknown}
 c - 2 scrolls of blinking {unknown}
 f - 5 scrolls of identify {unknown}
 h - 5 scrolls of immolation {unknown}
 k - a scroll of random uselessness {unknown}
 l - 2 scrolls of fear {unknown}
 n - 4 scrolls of enchant weapon {unknown}
 p - 4 scrolls of remove curse {unknown}
 q - a scroll of enchant armour {unknown}
 s - a scroll of amnesia {unknown}
Potions
 e - 2 potions of invisibility {unknown}
 g - 2 potions of cancellation {unknown}
 i - 2 potions of curing
 m - a potion of agility {unknown}
 r - a potion of brilliance {unknown}
 v - 2 potions of heal wounds {unknown}
 z - a potion of lignification {unknown}
 A - a potion of haste {unknown}
Comestibles
 d - 10 rations


   Skills:
 + Level 3.7 Fighting
 + Level 3.7 Long Blades
 + Level 3.0 Armour
 + Level 3.2 Dodging
 + Level 4.5 Stealth
 + Level 4.2 Spellcasting
 + Level 4.7 Charms
 + Level 3.2 Necromancy
 + Level 3.2 Translocations


You had 7 spell levels left.
You knew the following spells:

 Your Spells              Type           Power        Failure   Level  Hunger
a - Song of Slaying       Chrm           ##......     5%          2    ##.....
b - Infusion              Chrm           ##..         3%          1    None
r - Regeneration          Chrm/Necr      ##........   14%         3    ###....
s - Shroud of Golubria    Chrm/Tloc      ##....       8%          2    ##.....

Your spell library contained the following spells:

 Spells                   Type           Power        Failure   Level  Hunger
 Animate Skeleton         Necr           N/A          7%          1    None
 Apportation              Tloc           ##....       7%          1    None
 Confusing Touch          Hex            #.....       26%         1    None
 Summon Small Mammal      Summ           #...         26%         1    None
 Spectral Weapon          Hex/Chrm       #.......     28%         3    ###....
 Call Imp                 Summ           #.......     36%         2    ##.....
 Call Canine Familiar     Summ           #.......     58%         3    ###....
 Summon Guardian Golem    Hex/Summ       #.......     58%         3    ###....
 Summon Ice Beast         Ice/Summ       #.......     94%         4    ####...
 Summon Lightning Spire   Summ/Air       #.......     94%         4    ####...


Dungeon Overview and Level Annotations

Branches:
Dungeon (7/15)             Temple (1/1) D:6

Altars:
Ashenzari
Cheibriados
Dithmenos
Elyvilon
Fedhas
Gozag
Hepliaklqana
Kikubaaqudgha
Nemelex Xobeh
Okawaru
Qazlal
Ru
Sif Muna
Trog
Uskayaw
Vehumet
Yredelemnul
Zin
The Shining One

Annotations:
D:6 3 runed translucent doors, Amen's ghost, novice GnWz
D:7 Dowan; Duvessa


Innate Abilities, Weirdness & Mutations

You have razor-sharp teeth.
Your natural rate of healing is unusually fast.
When hurt, damage is shared between your health and your magic reserves.
Your bite disrupts and absorbs the magic of your enemies.
Potions cannot restore your health.
You are immune to rotting.


Message History

You riposte.
You miss the killer bee. Your bite misses the killer bee.
The killer bee stings you.
* * * LOW HITPOINT WARNING * * *
The killer bee completely misses you.
You riposte.
You barely miss the killer bee. Your bite misses the killer bee.
The killer bee is moderately wounded.
The killer bee stings you but does no damage.
The killer bee barely misses you.
You riposte.
You closely miss the killer bee. Your bite misses the killer bee.
You climb upwards.
Level annotation: 3 runed translucent doors, Amen's ghost, novice GnWz You feel sick.
There is a stone staircase leading down here.
You slash the killer bee!
The killer bee is heavily wounded.
The killer bee stings you but does no damage.
The killer bee closely misses you.
You riposte.
You hit the killer bee but do no damage.
You miss the killer bee. The killer bee stings you!
You die...

#### #... #.## #.#
#.#
###############.#
#@yy..........#.#
#y###########.#.#
#y#.........#.#.#
#.#.##......#.#.#
#.#.........#รท#[#
####'#.#.......#.#.#
#......##......#.#.#
#................#.#
#...[..###########.#


You could see 4 killer bees.

Vanquished Creatures
  A phantom (D:6)
  2 ice beasts
  An ogre (D:6)
  3 centaurs
  Blork the orc (D:5)
  A water moccasin zombie (D:5)
  A water moccasin skeleton (D:6)
  2 howler monkeys (D:4)
  2 crimson imps (D:5)
  A jelly (D:6)
  2 orc priests (D:4)
  2 hounds (D:4)
  3 orc wizards
  Jessica (D:1)
  Natasha (thrice) (D:4)
  A centaur skeleton (D:6)
  4 worker ants
  A hound skeleton (D:7)
  6 gnolls
  8 adders
  2 adder zombies
  A worm (D:2)
  2 dart slugs (D:3)
  2 leopard geckos (D:6)
  9 orcs
  3 ball pythons
  2 giant cockroaches
  5 goblins
  5 hobgoblins
  11 jackals
  A quokka (D:6)
  5 bats
  5 frilled lizards
  9 kobolds
  5 rats
113 creatures vanquished.

Notes
Turn   | Place    | Note
-------+----------+-------------------------------------------
     0 | D:1      | Arixos the Vine Stalker Skald began the quest for the Orb.
     0 | D:1      | Reached XP level 1. HP: 11/11 MP: 4/4
   201 | D:1      | Reached XP level 2. HP: 15/15 MP: 6/6
   205 | D:1      | Learned a level 2 spell: Shroud of Golubria
   210 | D:1      | Reached skill level 1 in Armour
  1037 | D:2      | Reached skill level 1 in Stealth
  1037 | D:2      | Reached XP level 3. HP: 7/18 MP: 5/7
  1527 | D:2      | Reached skill level 1 in Translocations
  1527 | D:2      | Gained mutation: Your natural rate of healing is unusually
                  | fast. [Vine Stalker growth]
  1527 | D:2      | Reached XP level 4. HP: 23/23 MP: 8/8
  1532 | D:2      | Learned a level 3 spell: Regeneration
  1541 | D:2      | Noticed Jessica
  1570 | D:1      | Killed Jessica
  1657 | D:2      | Reached XP level 5. HP: 26/26 MP: 2/9
  2194 | D:3      | Reached skill level 1 in Necromancy
  2924 | D:4      | Found a shattered altar of Ashenzari.
  2940 | D:4      | Learned a level 2 spell: Song of Slaying
  3096 | D:4      | Reached XP level 6. HP: 28/32 MP: 9/11
  3358 | D:4      | Reached XP level 7. HP: 12/35 MP: 3/12
  3516 | D:4      | Noticed Natasha
  3527 | D:4      | Killed Natasha
  3631 | D:4      | Noticed Natasha
  3639 | D:4      | Killed Natasha
  3654 | D:4      | Noticed Natasha
  3667 | D:4      | Killed Natasha
  3702 | D:5      | Entered Level 5 of the Dungeon
  4085 | D:5      | Noticed Blork the orc
  4096 | D:5      | Killed Blork the orc
  4096 | D:5      | Gained mutation: You have razor-sharp teeth. [Vine Stalker
                  | growth]
  4096 | D:5      | Reached XP level 8. HP: 35/40 MP: 7/14
  4107 | D:5      | Found a blossoming altar of Fedhas.
  4156 | D:5      | Found an ancient bone altar of Kikubaaqudgha.
  4387 | D:5      | Found a shattered altar of Ashenzari.
  4388 | D:5      | Found an opulent altar of Gozag.
  4388 | D:5      | Found a glowing golden altar of the Shining One.
  4390 | D:5      | Found a bloodstained altar of Trog.
  4642 | D:6      | Found a runed translucent gate.
  4643 | D:6      | Found a runed translucent gate.
  4644 | D:6      | Found a runed translucent gate.
  4647 | D:6      | Noticed Amen's ghost (novice GnWz)
  5067 | D:6      | Found a staircase to the Ecumenical Temple.
  5074 | Temple   | Entered the Ecumenical Temple
  5120 | Temple   | Became a worshipper of Ru the Awakened
  5449 | D:6      | Found a stormy altar of Qazlal.
  5921 | D:7      | Noticed Duvessa
  5921 | D:7      | Noticed Dowan
  6025 | D:6      | Slain by a killer bee

Skill      XL: |  1  2  3  4  5  6  7  8 |
---------------+-------------------------+-----
Armour         | 1 2 3 |  3.0
Fighting       | 2 3 |  3.7
Stealth        | 1 2 3 4 |  4.5
Long Blades    | 2 3 |  3.7
Translocations | 1 2 3 |  3.2
Dodging        | 2 3 |  3.2
Necromancy     | 1 2 3 |  3.2
Spellcasting   | 3 4 |  4.2
Charms         | 4 |  4.7

Action                   |  1- 3 |  4- 6 |  7- 9 || total
-------------------------+-------+-------+-------++-------
Melee: Falchion          |    64 |    99 |       ||   163
       Bite              |    17 |    41 |    87 ||   145
       Long sword        |       |    34 |   207 ||   241
 Cast: Shroud of Golubri |     5 |    19 |    36 ||    60
       Regeneration      |       |     5 |    13 ||    18
       Infusion          |       |     1 |       ||     1
       Song of Slaying   |       |       |     3 ||     3
  Use: Potion            |     1 |       |       ||     1
 Stab: Sleeping          |       |     4 |     7 ||    11
       Distracted        |       |       |     1 ||     1
  Eat: Chunk             |     2 |     8 |    35 ||    45
Armor: Leather armour    |    13 |    21 |    39 ||    73
Dodge: Dodged            |    70 |   104 |   179 ||   353
       Rpst.: Falchion   |    22 |    31 |       ||    53
       Long sword        |       |     7 |    56 ||    63
